 Dungeon Crawl Stone Soup version 0.24-a0-458-gfcb5e6da0e (webtiles) character file.

Game seed: 15074527851048217959

17558 Ijustatesigmund the Fighter (level 12, 0/136 HPs)
             Began as an Ogre Hunter on June 26, 2019.
             Was a Believer of Cheibriados.
             Slain by a hippogriff (8 damage)
             ... while paralysed by an ogre mage
             ... on level 11 of the Dungeon.
             The game lasted 00:40:25 (18142 turns).

Ijustatesigmund the Fighter (Ogre Hunter)          Turns: 18142, Time: 00:40:26

Health: 0/136      AC:  8    Str: 29    XL:     12   Next: 49%
Magic:  17/17      EV:  1    Int: 17    God:    Cheibriados [**....]
Gold:   476        SH:  0    Dex: 18    Spells: 9/11 levels left

rFire    . . .     SeeInvis +   a - +2 giant spiked club
rCold    . . .     Gourm    .   (shield currently unavailable)
rNeg     . . .     Faith    .   b - +2 robe
rPois    .         Spirit   .   (helmet restricted)
rElec    .         Reflect  +   m - +2 cloak
rCorr    .         Harm     .   (gloves unavailable)
MR       +....                  (boots unavailable)
Stlth    ++........             s - +3 amulet of reflection
HPRegen  0.32/turn              g - ring of see invisible
MPRegen  0.15/turn              e - +4 ring of evasion

@: paralysed, mighty, studying Long Blades, very slow
A: large, unfitting armour, tough skin 1
a: Bend Time, Renounce Religion


You were on level 11 of the Dungeon.
You worshipped Cheibriados.
Cheibriados was pleased with you.
You were not hungry.

You visited 3 branches of the dungeon, and saw 15 of its levels.
You also visited: Ossuary.

You collected 928 gold pieces.
You spent 452 gold pieces at shops.

Inventory:

Hand Weapons
 a - a +2 giant spiked club (weapon)
 w - a +4 arbalest of velocity
 C - the +9 staff of Olgreb {rPois}
   (You found it on level 5 of the Dungeon)

   It protects you from poison.
Missiles
 c - 11 large rocks (quivered)
 d - a throwing net
Armour
 b - a +2 robe (worn)
 m - a +2 cloak (worn)
Jewellery
 e - a +4 ring of evasion (right hand)
 g - a ring of see invisible (left hand)
 i - an uncursed ring of protection from cold
 r - an uncursed ring of magical power
 s - a +3 amulet of reflection (around neck)
 v - an uncursed amulet of the acrobat
 A - an uncursed ring of protection from magic
 B - an uncursed ring of wizardry
 L - the ring of Wonder {*Corrode rElec rF++ Int+4}
   (You found it on level 10 of the Dungeon)

   [ring of intelligence]

   It affects your intelligence (+4).
   It greatly protects you from fire.
   It insulates you from electricity.
   It may corrode you when you take damage.
 N - an uncursed ring of magical power
Wands
 j - a wand of flame (14)
 y - a wand of iceblast (5)
 H - a wand of enslavement (10)
Scrolls
 k - 5 scrolls of amnesia
 n - a scroll of immolation
 o - 5 scrolls of remove curse
 t - a scroll of enchant armour
Potions
 h - 3 potions of might
 l - a potion of ambrosia
 q - a potion of magic
 u - a potion of resistance
 x - 2 potions of agility
 z - 2 potions of lignification
 F - 2 potions of flight {unknown}
 G - 2 potions of curing
 J - 2 potions of cancellation {unknown}
 K - a potion of heal wounds
Books
 E - a manual of Long Blades
Miscellaneous
 I - a phial of floods
Comestibles
 f - 24 rations
 p - 9 chunks of flesh


   Skills:
 - Level 13.0 Fighting
 + Level 12.6 Maces & Flails
 - Level 4.0 Throwing
 - Level 5.7 Dodging
 - Level 0.6 Stealth
 - Level 2.8 Summonings
 - Level 2.8 Translocations
 + Level 7.7 Invocations


You had 9 spell levels left.
You knew the following spells:

 Your Spells              Type           Power        Failure   Level  Hunger
a - Summon Butterflies    Summ           #.......     8%          1    ##.....
b - Apportation           Tloc           #.....       8%          1    ##.....

Your spell library contained the following spells:

 Spells                   Type           Power        Failure   Level  Hunger
 Summon Small Mammal      Summ           #...         8%          1    ##.....
 Call Imp                 Summ           #.......     12%         2    ###....
 Call Canine Familiar     Summ           #.......     22%         3    ####...
 Lesser Beckoning         Tloc           #.........   22%         3    ####...
 Throw Frost              Conj/Ice       #.....       34%         2    ###....
 Summon Guardian Golem    Hex/Summ       #.......     38%         3    ####...
 Tukima's Dance           Hex            #.......     56%         3    ####...
 Summon Ice Beast         Ice/Summ       #.......     80%         4    #####..
 Summon Lightning Spire   Summ/Air       #.......     80%         4    #####..
 Alistair's Intoxication  Tmut/Pois      #.......     100%        5    ######.
 Excruciating Wounds      Chrm/Necr      #.........   100%        5    ######.
 Invisibility             Hex            #.......     100%        6    #######
 Ozocubu's Refrigeration  Ice            #.........   100%        6    #######


Dungeon Overview and Level Annotations

Branches:
Dungeon (11/15)            Temple (1/1) D:7            Lair (3/6) D:8
    Orc (0/2) D:9
  Swamp: Lair:2-4    Shoals: Lair:2-4     Snake: Lair:2-4    Spider: Lair:2-4

Altars:
Ashenzari
Cheibriados
Dithmenos
Elyvilon
Gozag
Kikubaaqudgha
Nemelex Xobeh
Qazlal
Trog
Vehumet

Shops:
D:5 *   D:8 =%[   D:9 *   D:10 =

Annotations:
D:5 1 runed translucent door
D:8 3 runed translucent doors


Innate Abilities, Weirdness & Mutations

You are too large for most types of armour.
You have tough skin. (AC +1)


Message History

The hippogriff claws you. The ogre mage hits you with a +0 club.
The ogre mage hits you with a +0 club!
* * * LOW HITPOINT WARNING * * *
The hippogriff bites you.
* * * LOW HITPOINT WARNING * * *
The hippogriff pecks you.
* * * LOW HITPOINT WARNING * * *
The hippogriff claws you!
* * * LOW HITPOINT WARNING * * *
The ogre mage points at you and mumbles some strange words.
You resist with some effort. The hippogriff bites you.
* * * LOW HITPOINT WARNING * * *
The hippogriff pecks you but does no damage.
The hippogriff claws you.
* * * LOW HITPOINT WARNING * * *
The ogre mage hits you with a +0 club!
* * * LOW HITPOINT WARNING * * *
The ogre mage hits you but does no damage.
The hippogriff bites you!
You die...

............# #....
###.........# #)†..
............# ##....
...####.....# #.....
......##.)..# #..... ###
....#....######..... #..
#..#...............
#.[..#O.#...............
...).TH@..#......#######
.#..[.#...#......# ##..
#...#......# ...
#...#......# ...
...##......# ##+ ##
....#.......# #..
...###.......# #.. ###
#.. #..


You could see an ogre mage, a hippogriff and a troll.

Vanquished Creatures
  A centaur warrior (D:11)
  2 two-headed ogres
  The ghost of Azzok the Shield-Bearer, a novice GnFi of Okawaru (D:7)
  A cyclops (D:10)
  5 spiny frogs
  A gargoyle (D:10)
  5 komodo dragons
  2 rime drakes
  A troll (D:10)
  Grinder (D:3)
  2 hippogriffs
  2 yaks
  A shadow (D:11)
  A hungry ghost (D:9)
  2 wyverns
  Eustachio (D:5)
  Grum (D:8)
  2 basilisks
  Menkaure (D:4)
  A two-headed ogre zombie (D:9)
  10 water moccasins
  An acid dragon (D:8)
  2 soldier ants (D:5)
  5 porcupines
  2 ice beasts
  6 orc warriors
  3 sky beasts
  A necrophage (D:8)
  2 black bears
  8 ogres
  3 phantoms
  An eye of draining (D:10)
  4 wolves (D:8)
  4 centaurs
  6 crocodiles
  Blork the orc (D:4)
  8 bullfrogs
  2 big kobolds
  3 scorpions
  A water moccasin zombie (D:8)
  2 troll zombies (D:9)
  12 killer bees
  4 wights (D:7)
  2 electric eels (Lair:2)
  A bullfrog zombie (D:5)
  2 crimson imps
  2 jellies
  3 hounds
  9 orc priests
  Crazy Yiuf (D:2)
  A centaur skeleton (D:9)
  6 orc wizards
  An iguana (D:4)
  11 worker ants
  5 ogre zombies (D:9)
  13 big kobold zombies (Ossuary)
  2 hound skeletons
  A mummy (Ossuary)
  3 worker ant zombies
  4 gnolls
  18 adders
  A shadow imp (D:7)
  2 oozes
  2 adder zombies
  A worm (D:2)
  3 dart slugs
  5 leopard geckos
  52 orcs
  3 spectral bats (Ossuary)
  5 ball pythons
  4 giant cockroaches
  A gnoll zombie (Ossuary)
  6 goblins
  16 hobgoblins
  5 jackals
  13 kobolds
  2 quokkas (D:3)
  7 bats
  3 bat simulacra (Ossuary)
  4 frilled lizards
  2 goblin simulacra (Ossuary)
  3 goblin skeletons (D:9)
  10 goblin zombies
  A hobgoblin skeleton (D:9)
  8 hobgoblin zombies
  2 kobold simulacra (Ossuary)
  3 kobold zombies (Ossuary)
  2 leopard gecko skeletons
  3 orc skeletons (D:9)
  15 orc zombies
  A quokka skeleton (D:4)
  11 rats
  3 rat simulacra (Ossuary)
  3 spectral goblins (Ossuary)
  3 spectral kobolds (Ossuary)
  2 spectral rats (Ossuary)
417 creatures vanquished.

Vanquished Creatures (others)
  14 fungi (D:8)
  8 plants
22 creatures vanquished.

Grand Total: 439 creatures vanquished

Notes
Turn   | Place    | Note
-------+----------+-------------------------------------------
     0 | D:1      | Ijustatesigmund the Ogre Hunter began the quest for the
                  | Orb.
     0 | D:1      | Reached XP level 1. HP: 22/22 MP: 1/1
    38 | D:1      | Reached skill level 3 in Fighting
   246 | D:1      | Reached XP level 2. HP: 27/31 MP: 2/2
   302 | D:1      | Found a sparkling altar of Nemelex Xobeh.
   305 | D:1      | Reached skill level 4 in Fighting
   794 | D:1      | Reached XP level 3. HP: 28/40 MP: 3/3
  1659 | D:2      | Reached skill level 5 in Fighting
  1670 | D:2      | Reached skill level 1 in Maces & Flails
  1827 | D:2      | Reached XP level 4. HP: 48/50 MP: 4/4
  2168 | D:2      | Found a runed translucent door.
  2169 | D:2      | Noticed Crazy Yiuf
  2173 | D:2      | Killed Crazy Yiuf
  2474 | D:2      | Reached XP level 5. HP: 53/59 MP: 5/5
  2887 | D:3      | Noticed Grinder
  2893 | D:3      | Killed Grinder
  2893 | D:3      | Reached skill level 7 in Fighting
  2893 | D:3      | Reached XP level 6. HP: 71/71 MP: 6/6
  3060 | D:3      | Found a shattered altar of Ashenzari.
  3816 | D:4      | Reached XP level 7. HP: 79/79 MP: 7/7
  3986 | D:4      | Reached skill level 8 in Fighting
  4065 | D:4      | Noticed Blork the orc
  4071 | D:4      | Killed Blork the orc
  4177 | D:4      | Noticed Menkaure
  4187 | D:4      | Killed Menkaure
  4187 | D:4      | Reached skill level 5 in Maces & Flails
  4628 | D:4      | Reached skill level 9 in Fighting
  4628 | D:4      | Reached XP level 8. HP: 76/92 MP: 8/8
  4851 | D:5      | Entered Level 5 of the Dungeon
  4885 | D:5      | Found a sand-covered staircase.
  4894 | Ossuary  | Entered an ossuary
  5598 | Ossuary  | Reached skill level 10 in Fighting
  5884 | D:5      | Found Kyuxzoka's Assorted Antiques.
  5886 | D:5      | Found a runed translucent door.
  5887 | D:5      | Found a runed translucent gate.
  5892 | D:5      | Bought a scroll labeled HEZULE HAIQIMPUS for 26 gold pieces
  5897 | D:5      | Found the +9 staff of Olgreb {rPois}
  5928 | D:5      | Found a runed translucent gate.
  5939 | D:5      | Found a runed translucent gate.
  5940 | D:5      | Noticed Eustachio
  5962 | D:5      | Killed Eustachio
  6047 | D:5      | Found a runed translucent door.
  6630 | D:6      | Found a radiant altar of Vehumet.
  6775 | D:6      | Reached XP level 9. HP: 99/101 MP: 9/9
  6786 | D:6      | Found an opulent altar of Gozag.
  7834 | D:7      | Reached skill level 5 in Dodging
  7928 | D:7      | Found a runed translucent door.
  7933 | D:7      | Noticed Azzok's ghost (novice GnFi)
  8064 | D:7      | Found a staircase to the Ecumenical Temple.
  8073 | Temple   | Entered the Ecumenical Temple
  8156 | D:7      | Found a stormy altar of Qazlal.
  8441 | D:7      | Found a shattered altar of Ashenzari.
  9043 | D:8      | Found Zezuking's Food Shoppe.
  9092 | D:8      | You fall into a shaft and drop 1 floor!
  9261 | D:8      | Reached XP level 10. HP: 86/111 MP: 10/10
  9487 | D:8      | Found Loodgh's Armour Shop.
  9773 | D:8      | Reached skill level 11 in Fighting
  9775 | D:8      | Noticed Grum
  9796 | D:8      | Killed Grum
 10417 | D:8      | Reached skill level 10 in Maces & Flails
 10549 | D:8      | Found Foteun's Jewellery Shop.
 10552 | D:8      | Bought a +3 amulet of reflection for 251 gold pieces
 10634 | D:8      | Found a staircase to the Lair.
 10829 | D:8      | Found a runed translucent gate.
 10829 | D:8      | Found a runed translucent gate.
 10829 | D:8      | Found a runed translucent gate.
 10829 | D:8      | Noticed a white ugly thing
 10829 | D:8      | Noticed a green ugly thing
 10830 | D:8      | Noticed a green ugly thing
 10830 | D:8      | Noticed a purple ugly thing
 10830 | D:8      | Noticed a glowing orange brain
 12035 | D:7      | Killed Azzok's ghost
 12035 | D:7      | Reached skill level 12 in Fighting
 12035 | D:7      | Reached XP level 11. HP: 84/122 MP: 11/11
 12053 | D:7      | Learned a level 1 spell: Summon Butterflies
 12055 | D:7      | Learned a level 1 spell: Apportation
 12150 | D:9      | Found Qazxusme's General Store.
 12206 | D:9      | Bought a scroll of identify for 22 gold pieces
 12206 | D:9      | Bought a scroll of fear for 38 gold pieces
 12206 | D:9      | Bought a scroll of enchant weapon for 82 gold pieces
 12206 | D:9      | Bought a potion of curing for 33 gold pieces
 12352 | D:9      | Found a staircase to the Orcish Mines.
 12570 | D:9      | Noticed a two-headed ogre
 12574 | D:9      | Killed a two-headed ogre
 12945 | D:10     | Entered Level 10 of the Dungeon
 13097 | D:10     | Got a vibrating lapis lazuli ring
 13099 | D:10     | Identified the ring of Wonder {*Corrode rElec rF++ Int+4}
                  | (You found it on level 10 of the Dungeon)
 13114 | D:10     | Found Zebaodut's Jewellery Shop.
 13187 | D:10     | Reached skill level 13 in Fighting
 13298 | D:10     | Identified the Disquisition on Frigorific Sinister Rites
 13316 | D:10     | Noticed a cyclops
 13336 | D:10     | Killed a cyclops
 13336 | D:10     | Reached skill level 1 in Summonings
 13336 | D:10     | Reached skill level 1 in Translocations
 13853 | D:10     | Identified a scroll of acquirement
 13891 | D:11     | Noticed a centaur warrior
 13899 | D:11     | Noticed a two-headed ogre
 13906 | D:11     | Killed a centaur warrior
 14042 | Temple   | Became a worshipper of Cheibriados the Contemplative
 14319 | Lair:1   | Entered Level 1 of the Lair of Beasts
 14656 | Lair:1   | Reached skill level 1 in Invocations
 15287 | Lair:1   | Reached skill level 5 in Invocations
 15287 | Lair:1   | Reached XP level 12. HP: 63/136 MP: 15/15
 15751 | Lair:1   | Reached * piety under Cheibriados
 17981 | D:11     | Reached ** piety under Cheibriados
 17990 | D:11     | Killed a two-headed ogre
 18128 | D:11     | Noticed an ogre mage
 18136 | D:11     | Paralysed by an ogre mage for 7 turns
 18142 | D:11     | Slain by a hippogriff

Levels and vault maps discovered:
D:1:      shiori_arrival_maze, layout_basic, nrook_mini_vaults,
          nemelex_xobeh_ov_fountains_minmay
D:2:      layout_loops_corners, uniq_crazy_yiuf_cottage
D:3:      layout_basic, evilmike_ruin_ashenzari, uniq_grinder
D:4:      layout_gridville, serial_co_window_serial, co_window_corner_a,
          co_window_paths_a, co_window_corner_a, co_window_of_opportunity_a,
          co_window_of_opportunity_a, co_window_paths_a, co_window_2corner,
          co_window_of_opportunity_b, co_window_cross_3, co_window_broadway_c,
          co_window_unsneaky_path_d, co_window_broadway_c,
          co_window_unsneaky_path_c, co_window_4corner_b, glass_columns_a,
          glass_columns_a, glass_columns_a, first_ration, uniq_menkaure,
          uniq_blork_the_orc
D:5:      layout_cave_pods, serial_shops, shop, enter_ossuary_1,
          minmay_guarded_unrand_staff_of_olgreb, uniq_eustachio
D:6:      layout_basic, lemuel_round_altar, grunt_gozag_statues, minivault_24
D:7:      layout_loops_ring, nicolae_qazlal_general_emergency,
          lemuel_coloured_pillars_altar, minmay_temple_entry_junction,
          ebering_ghost_inner_flame
D:8:      layout_basic, grunt_lair_entry_orc_guard_hut, serial_shops, shop,
          kennysheep_mini_moat, nicolae_shop_waterfront,
          ploomutoo_gammafunk_ghost_potion_laboratory, blue_anna_alchemist
          [blue_anna_fruit_fields, blue_anna_fruit_fields], uniq_grum
D:9:      layout_roguey, zombieorc2_lemuel, serial_shops, shop
D:10:     layout_roguey, serial_shops, shop, kennysheep_generic_room_13
D:11:     cheibrodos_orc_bank, layout_irregular_city, minmay_radiant
Temple:   hc_temple_tempest_star
Lair:1:   layout_gridlike
Lair:2:   layout_regular_city, chequers_serial_rivers_micro_b,
          infiniplex_staircase_pool, serial_bayou_shore_a, serial_bayou_shore_b
Lair:3:   layout_regular_city, shoals_dummy_entry,
          hellmonk_ghost_happy_afterlife, beast_lair_carwin_1

Skill      XL: |  1  2  3  4  5  6  7  8  9 10 11 12 |
---------------+-------------------------------------+-----
Fighting       | 3 4 5 7 9 10 12 13 | 13.0
Maces & Flails | 1 2 3 4 5 6 8 10 11 12 | 12.6
Dodging        | 3 5 |  5.7
Summonings     | 2 |  2.8
Translocations | 2 |  2.8
Invocations    | 5 7 |  7.7
Throwing       | |  4.0
Stealth        | |  0.6

Action                   |  1- 3 |  4- 6 |  7- 9 | 10-12 || total
-------------------------+-------+-------+-------+-------++-------
Melee: Short sword       |    86 |       |       |       ||    86
       Whip              |    89 |    61 |       |       ||   150
       Quarterstaff      |       |    82 |   376 |   481 ||   939
       Staff             |       |       |       |   164 ||   164
       Giant spiked club |       |       |       |   104 ||   104
Throw: Large rock        |     2 |     5 |    18 |    16 ||    41
       Throwing net      |       |       |     2 |       ||     2
Evoke: Wand              |       |       |     1 |     5 ||     6
  Use: Scroll            |       |     5 |    13 |    16 ||    34
       Potion            |       |       |     4 |    10 ||    14
 Stab: Sleeping          |     2 |       |     3 |     3 ||     8
       Paralysed         |       |     4 |    12 |     1 ||    17
       Confused          |       |       |     2 |     3 ||     5
       Petrified         |       |       |       |     7 ||     7
       Petrifying        |       |       |       |     3 ||     3
  Eat: Chunk             |     3 |     7 |     8 |    10 ||    28
       Ration            |       |       |     3 |     5 ||     8
Armor: Robe              |    71 |    46 |   133 |   152 ||   402
Dodge: Dodged            |   105 |    70 |   217 |   553 ||   945
Block: Other             |       |       |       |    72 ||    72
       Reflection        |       |       |       |     2 ||     2

Table legend:
 A = Non-vault XP
 B = Vault XP
 C = Vault XP percentage of total XP
 D = Non-vault monster count
 E = Vault monster count
 F = Vault count percentage of total count
                 A         B        C        D         E       F
            +---------+---------+-------+---------+---------+-------
      Total |   17047 |    8037 |  32.0 |     272 |     145 |  34.8
            +---------+---------+-------+---------+---------+-------
        D:1 |      43 |       2 |   4.4 |      23 |       2 |   8.0
        D:2 |      94 |      40 |  29.9 |      25 |       1 |   3.8
        D:3 |     153 |     258 |  62.8 |      28 |       1 |   3.4
        D:4 |     431 |     271 |  38.6 |      16 |       2 |  11.1
        D:5 |     364 |    1450 |  79.9 |      10 |      17 |  63.0
        D:6 |     455 |       0 |   0.0 |      15 |       0 |   0.0
        D:7 |    1024 |     994 |  49.3 |      13 |       2 |  13.3
        D:8 |    1716 |    1620 |  48.6 |      38 |      12 |  24.0
        D:9 |    2102 |     829 |  28.3 |      37 |      36 |  49.3
       D:10 |    2831 |       0 |   0.0 |      25 |       0 |   0.0
       D:11 |    2465 |      33 |   1.3 |      14 |      12 |  46.2
     Lair:1 |    1592 |       0 |   0.0 |       8 |       0 |   0.0
     Lair:2 |    3054 |       0 |   0.0 |      15 |       0 |   0.0
     Lair:3 |     723 |    2142 |  74.8 |       5 |       6 |  54.5
    Ossuary |       0 |     398 | 100.0 |       0 |      54 | 100.0
            +---------+---------+-------+---------+---------+-------
